 Dungeon Crawl Stone Soup version 0.31.0-11-ge490571c62 (webtiles) character file.

Game seed: 13579628497385571468

295412 kSektR the Slayer (level 20, 0/203 HPs)
             Began as a Minotaur Fighter on Jan 27, 2024.
             Was a High Priest of Trog.
             Killed from afar by a black draconian knight (37 damage)
             ... with a bolt of lightning
             ... on level 3 of the Abyss on Jan 29, 2024.
             The game lasted 05:29:22 (38215 turns).

kSektR the Slayer (Minotaur Fighter)               Turns: 38215, Time: 05:29:23

Health: 0/203      AC: 31    Str: 28    XL:     20   Next: 5%
Magic:  19/19      EV: 20    Int:  5    God:    Trog [*****.]
Gold:   3280       SH: 16    Dex: 15    Spells: 19/19 levels left

rFire   + + .        a - +9 broad axe of Duscheod {flame, Dex+3}
rCold   . . .        p - +0 tower shield
rNeg    . . .        V - +4 plate armour {rF+}
rPois   .            t - +1 hat
rElec   .            q - +0 cloak
rCorr   .            k - +1 Delatra's gloves {ID++}
SInv    .            L - +1 pair of boots
Will    +++..        w - amulet of regeneration Stlth
                     J - ring of protection from fire
HPRegen 2.33/turn    W - +5 ring of evasion
MPRegen 0.16/turn

%: no passive effects
@: mighty, strong-willed, regenerating, hasted, very quick
A: horns 2, retaliatory headbutt
}: 2/15 runes: barnacled, gossamer
a: Renounce Religion, Berserk, Trog's Hand, Brothers in Arms


You were on level 3 of the Abyss.
You worshipped Trog.
Trog was extremely pleased with you.
You visited 8 branches of the dungeon, and saw 34 of its levels.
You visited the Abyss 2 times.
You also visited: Bailey and Volcano.

You collected 4897 gold pieces.
You spent 1617 gold pieces at shops.

Inventory:

Hand Weapons
 a - the +9 broad axe of Duscheod (weapon) {flame, Dex+3}
   (Trog gifted it to you on level 14 of the Dungeon)

   Dex+3:     It affects your dexterity (+3).
 u - the +8 flail of Pride {holy, Dex+3}
   (You found it on level 1 of the Vaults)

   Dex+3:     It affects your dexterity (+3).
 I - the +8 dagger of Jairautu {protect, rElec rN+ Will+}
   (You found it on level 1 of the Spider Nest)

   rElec:     It insulates you from electricity.
   rN+:       It protects you from negative energy.
   Will+:     It increases your willpower.
Missiles
 o - 11 curare-tipped darts
Armour
 h - a +2 chain mail of cold resistance
 k - the +1 Delatra's gloves (worn) {ID++}
   (You found it on level 2 of the Dungeon)

   ID++:      It heals its wearer when they drink unknown potions, and restores
   their MP when they read unknown scrolls.
 p - a +0 tower shield (worn)
 q - a +0 cloak (worn)
 t - a +1 hat (worn)
 L - a +1 pair of boots (worn)
 V - a +4 plate armour of fire resistance (worn)
Jewellery
 g - a +4 ring of slaying
 w - an amulet of regeneration (around neck)
 J - a ring of protection from fire (left hand)
 S - a ring of flight
 W - a +5 ring of evasion (right hand)
 Y - a +4 ring of slaying
Wands
 d - a wand of acid (6)
 n - a wand of iceblast (21) (quivered)
 A - a wand of flame (29)
 B - a wand of charming (29)
 F - a wand of mindburst (6)
 K - a wand of polymorph (12)
 M - a wand of digging (6)
Scrolls
 b - a scroll of summoning
 c - 4 scrolls of brand weapon
 l - 3 scrolls of poison
 s - 11 scrolls of teleportation
 x - 5 scrolls of revelation
 y - 6 scrolls of fear
 C - 5 scrolls of enchant weapon
 D - 4 scrolls of immolation
 E - 11 scrolls of enchant armour
 N - 7 scrolls of blinking
 P - 2 scrolls of fog
 T - a scroll of silence
Potions
 e - 7 potions of mutation
 f - 5 potions of cancellation
 i - 8 potions of curing
 j - 12 potions of heal wounds
 m - 5 potions of enlightenment
 r - 7 potions of ambrosia
 v - 2 potions of berserk rage
 z - 7 potions of might
 H - 6 potions of lignification
 U - a potion of haste
 X - 2 potions of invisibility
 Z - a potion of resistance
Miscellaneous
 G - a box of beasts
 O - a phantom mirror
 Q - a tin of tremorstones (2/2)


   Skills:
 * Level 23.0 Fighting
 + Level 11.2 Short Blades
 * Level 21.2 Axes
 * Level 19.3 Armour
 - Level 18.0 Dodging
 * Level 10.3 Shields
 - Level 4.0 Evocations


You had 19 spell levels left.
You didn't know any spells.
Your spell library contained the following spells:

 Spells                   Type           Power      Damage    Failure   Level
 Magic Dart               Conj           0%         1d3       100%        1
 Sandblast                Erth           0%         2d4       100%        1
 Blink                    Tloc           0%         N/A       100%        2
 Call Imp                 Summ           0%         N/A       100%        2
 Lesser Beckoning         Tloc           0%         N/A       100%        2
 Gell's Gravitas          Tloc           0%         N/A       100%        3
 Passwall                 Erth           0%         N/A       100%        3
 Stone Arrow              Conj/Erth      0%         3d7       100%        3
 Teleport Other           Tloc           0%         N/A       100%        3
 Brom's Barrelling Bould  Conj/Erth      0%         2d3       100%        4
 Leda's Liquefaction      Alch/Erth      0%         N/A       100%        4
 Lee's Rapid Deconstruct  Erth           0%         3d4*      100%        5
 Bombard                  Conj/Erth      0%         9d1       100%        6
 Haunt                    Necr/Summ      0%         N/A       100%        7
 Borgnjor's Revivificati  Necr           0%         N/A       100%        8
 Death's Door             Necr           0%         N/A       100%        9


Dungeon Overview and Level Annotations

Branches:
Dungeon (15/15)            Temple (1/1) D:4            Lair (5/5) D:9
 Shoals (4/4) Lair:3       Spider (4/4) Lair:2        Slime (0/5) Lair:4
    Orc (2/2) D:9             Elf (1/3) Orc:2        Vaults (2/5) D:13
 Depths (0/4) D:15         Bailey (visited)         Volcano (visited)
  Crypt: Vaults:2-3

Altars:
Ashenzari
Cheibriados
Dithmenos
Elyvilon
Fedhas
Gozag
Hepliaklqana
Kikubaaqudgha
Makhleb
Nemelex Xobeh
Okawaru
Qazlal
Ru
Sif Muna
Trog
Uskayaw
Vehumet
Wu Jian
Xom
Yredelemnul
Zin
The Shining One
Jiyva

Shops:
D:4 (*(   D:6 ?   D:8 [   D:9 !   Orc:1 (   Orc:2 (*[:   Vaults:1 (


Innate Abilities, Weirdness & Mutations

You have a pair of horns on your head.
You reflexively headbutt those who attack you in melee.


Message History

You are too injured to fight recklessly!
You are too injured to fight recklessly!
Unknown command.
You are too injured to fight recklessly!
You cut the worldbinder into ribbons!!! You burn the worldbinder.
You destroy the worldbinder!
Trog accepts your kill.
The naga warrior disappears in a puff of smoke!
You barely miss something.
An apocalypse crab comes into view.
Something hits you! Something burns you.
You miss something. You headbutt something.
You hear some strange, mumbled words.
A bolt of cold appears from out of thin air!
The bolt of cold hits you!!
You miss something. Your headbutt misses something.
You hear some strange, mumbled words.
A shard of ice appears from out of thin air!
You block the shard of ice.
A bone dragon comes into view.
Something hits you but does no damage.
Press: ? - help, v - describe, . - travel
Here: a bone dragon The floor.
Press: ? - help, v - describe, . - travel
Here: an apocalypse crab The floor.
Unknown command.
You feel yourself speed up. Something hits you but does no damage.
You feel very mighty all of a sudden. Something hits you!
* * * LOW HITPOINT WARNING * * *
You are too injured to fight recklessly!
You feel much better. Something hits you but does no damage.
You barely miss something. Your headbutt misses something.
A bolt of lightning appears from out of thin air!
The bolt of lightning hits you!!!
* * * LOW HITPOINT WARNING * * *
The bolt of lightning hits you!!!
You die...

.. # .# .#
..#....#.....#. #.. ...
##.#.#..#.# ... # #
...#........#..# .
##.#. ..###.#.#..#.##..
. .. ..................
.......................
. ............{.......
. ..........@..t....
... . ................
.. .##......##......# .
.. #......# ......#
#..# ####.### ...D#..
## . ..#.. ...#... #
##. . ..#.... . .. ##.
..###.#


You could see a bone dragon and an apocalypse crab.

Vanquished Creatures
  Frederick (Vaults:2)
  Boris (Vaults:2)
  Jorgrun (Shoals:1)
  2 krakens
  A tentacled starspawn (Abyss:3)
  A tengu reaver (D:15)
  Kirke (Shoals:1)
  Ilsuiw (Shoals:3)
  6 emperor scorpions
  A deep elf sorcerer (Vaults:2)
  8 vault wardens
  2 ghost moths (Spider:4)
  An orc warlord (Orc:1)
  4 broodmothers
  An ironbound thunderhulk (Vaults:2)
  3 formless jellyfish
  17 ironbound preservers
  A caustic shrike skeleton (Abyss:3)
  6 dire elephants
  5 spark wasps
  The ghost of Kaofid the Geomancer, a journeyman GrEE of Vehumet (Lair:5)
  5 merfolk javelineers
  3 fire dragons
  4 yaktaur captains (Vaults:1)
  4 entropy weavers
  Josephine (D:14)
  10 merfolk impalers
  An ice dragon (Lair:5)
  2 great orbs of eyes (Vaults:1)
  A deep elf high priest (Vaults:2)
  6 vault guards
  6 hydras
  Harold (D:9)
  2 ogre magi
  A merfolk avatar (Shoals:2)
  7 ironbound frosthearts
  A catoblepas (Lair:4)
  2 radroaches
  Erolcha (Orc:1)
  7 two-headed ogres
  5 merfolk aquamancers
  20 centaur warriors
  A satyr (Shoals:4)
  2 deep troll earth magi
  An orc high priest (Orc:2)
  9 boulder beetles
  7 death yaks
  Urug (Orc:2)
  7 demonic crawlers
  A hell knight (Volcano)
  4 skysharks
  8 pharaoh ants
  9 skeletal warriors
  11 sea snakes
  An anaconda zombie (Abyss:3)
  28 deep trolls
  12 orb spiders
  A glowing orange brain (D:13)
  10 ironbound convokers
  A sun moth (Spider:3)
  A spriggan simulacrum (Abyss:3)
  6 arcanists
  A swamp dragon (Lair:5)
  4 steelbarb worms
  A harpy (shapeshifter) (D:13)
  3 deep elf pyromancers (D:15)
  A large abomination (Abyss:3)
  3 spectral wolf spiders (Spider:2)
  2 necromancers
  3 orc knights
  A human zombie (Vaults:1)
  12 harpies
  5 orc sorcerers
  31 wolf spiders
  12 lindwurms
  26 ugly things
  A deep elf zephyrmancer (Elf:1)
  15 fauns
  3 wolf spider zombies (Spider:2)
  11 manticores
  2 moths of wrath (Spider:4)
  5 cyclopes
  A frost giant zombie (Vaults:2)
  2 fire giant skeletons
  A worldbinder (Abyss:3)
  A human skeleton (Vaults:2)
  A meliai (D:15)
  11 merfolk sirens
  5 black mambas
  18 slime creatures
  6 vault sentinels
  A stone giant skeleton (Vaults:1)
  2 molten gargoyles (Volcano)
  6 water nymphs
  19 elephants
  11 torpor snails
  2 gargoyles
  11 cane toads
  A smoke demon (Volcano)
  A hellion (Abyss:3)
  Maggie (D:6)
  2 unseen horrors (D:12)
  4 rime drakes
  An efreet (D:14)
  8 komodo dragons
  12 yaktaurs
  2 freezing wraiths
  2 kobold demonologists
  A red devil (Volcano)
  A tengu conjurer (D:13)
  35 merfolk
  3 polar bears
  3 tyrant leeches (Lair:5)
  21 tarantellas
  A troll (D:12)
  5 wolf spider simulacra (Spider:2)
  5 wind drakes
  6 hornets (Lair:5)
  Prince Ribbit (Bailey)
  5 snapping turtles
  11 blink frogs
  11 dream sheep
  A centaur simulacrum (D:12)
  A culicivora (shapeshifter) (Vaults:1)
  9 wraiths
  60 yaks
  26 jumping spiders
  17 culicivoras
  18 water elementals
  4 fire bats
  A shadow (D:13)
  4 starcursed masses (Abyss:3)
  4 wyverns
  3 wargs
  A human (Bailey)
  A warg (shapeshifter) (D:15)
  6 steam dragons
  2 hogs (Shoals:1)
  6 basilisks
  9 vampire mosquitoes
  53 redbacks
  4 acid dragons
  7 water moccasins
  An ogre zombie (Vaults:2)
  2 hell hounds (Volcano)
  22 orc warriors
  8 laughing skulls
  10 ogres
  A black bear (D:5)
  15 wolves
  13 centaurs
  A kobold brigand (D:6)
  A phantom (D:5)
  32 bullfrogs
  A gnoll sergeant (D:12)
  5 scorpions
  A burial acolyte (D:7)
  9 wights
  6 killer bees (D:9)
  7 howler monkeys
  4 jellies
  6 lava snakes (Volcano)
  5 hounds
  4 bombardier beetles
  2 gnoll boudas (D:5)
  12 orc priests
  Crazy Yiuf (D:3)
  8 iguanas
  A sleepcap (D:5)
  15 orc wizards
  Natasha (thrice) (D:4)
  22 gnolls
  6 adders
  A white imp (D:6)
  2 ufetubi (D:6)
  2 adder zombies (D:7)
  A dart slug (D:4)
  3 ribbon worms
  58 orcs
  8 ball pythons
  7 endoplasms
  3 giant cockroaches
  13 goblins
  12 hobgoblins
  8 jackals
  13 kobolds
  2 quokkas
  5 bats
  2 frilled lizards (D:2)
  A jackal zombie (D:7)
  3 rats
  2 starspawn tentacles (Abyss:3)
  6 tentacles
1272 creatures vanquished.

Vanquished Creatures (collateral kills)
  A deep elf sorcerer (Vaults:2)
  An ironbound frostheart (Vaults:2)
  A vault sentinel (Vaults:2)
3 creatures vanquished.

Vanquished Creatures (others)
  A broodmother (Spider:4)
  A jumping spider (Spider:1)
  3 humans (Shoals:1)
  A redback (Spider:1)
  A centaur (D:11)
  A bullfrog (Lair:4)
  2 starspawn tentacles (Abyss:3)
  18 tentacles
28 creatures vanquished.

Grand Total: 1303 creatures vanquished

Notes
Turn   | Place    | Note
-------+----------+-------------------------------------------
     0 | D:1      | kSektR the Minotaur Fighter began the quest for the Orb.
     0 | D:1      | Reached XP level 1. HP: 19/19 MP: 0/0
   454 | D:1      | Reached XP level 2. HP: 23/27 MP: 1/1
   528 | D:1      | Reached skill level 4 in Fighting
  1337 | D:2      | Reached XP level 3. HP: 24/33 MP: 2/2
  1721 | D:2      | Found the +1 Delatra's gloves {ID++}
  1755 | D:2      | Reached XP level 4. HP: 38/41 MP: 3/3
  1881 | D:3      | Reached skill level 5 in Fighting
  1972 | D:3      | Reached XP level 5. HP: 46/48 MP: 4/4
  2014 | D:3      | Found a runed translucent door.
  2015 | D:3      | Noticed Crazy Yiuf
  2080 | D:3      | Killed Crazy Yiuf
  2173 | D:3      | Reached skill level 6 in Fighting
  2173 | D:3      | Reached skill level 5 in Axes
  2686 | D:4      | Found Sythucw's Weapon Boutique.
  2701 | D:4      | Noticed an ogre
  2752 | D:4      | Found Xewkebla's Antique Weapon Boutique.
  2771 | D:4      | Bought a glowing war axe for 110 gold pieces
  2786 | D:4      | Killed an ogre
  2787 | D:4      | Reached skill level 7 in Fighting
  2787 | D:4      | Reached XP level 6. HP: 60/60 MP: 5/5
  3465 | D:4      | Noticed Natasha
  3469 | D:4      | Killed Natasha
  3470 | D:4      | Reached skill level 1 in Dodging
  3520 | D:5      | Entered Level 5 of the Dungeon
  3577 | D:4      | Found Boorooll's General Store.
  3594 | D:4      | Bought a potion of might for 40 gold pieces
  3594 | D:4      | Bought a scroll of fear for 40 gold pieces
  3594 | D:4      | Bought a scroll of identify for 20 gold pieces
  3728 | D:4      | Found a staircase to the Ecumenical Temple.
  3732 | D:4      | Reached XP level 7. HP: 62/66 MP: 6/6
  3737 | Temple   | Entered the Ecumenical Temple
  3759 | Temple   | Became a worshipper of Trog the Wrathful
  3813 | D:4      | Noticed Natasha
  3818 | D:4      | Killed Natasha
  3848 | D:4      | Noticed Natasha
  3855 | D:4      | Killed Natasha
  4259 | D:5      | Identified the +1 whip of Balance {freeze, *Slow Str+3 SInv
                  | Stlth+}
  4453 | D:5      | Reached skill level 8 in Fighting
  4695 | D:5      | Reached skill level 5 in Armour
  4695 | D:5      | Reached XP level 8. HP: 66/75 MP: 7/7
  5378 | D:5      | Reached skill level 9 in Fighting
  5379 | D:5      | Reached * piety under Trog
  5560 | D:6      | Noticed Maggie
  5772 | D:6      | Reached skill level 10 in Fighting
  5919 | D:6      | Found a sparkling altar of Nemelex Xobeh.
  5982 | D:6      | Reached XP level 9. HP: 76/82 MP: 8/8
  5998 | D:6      | Found Hekuih's Magic Scroll Boutique.
  6198 | D:6      | Found a shadowy altar of Dithmenos.
  6347 | D:6      | Reached ** piety under Trog
  6361 | D:6      | Killed Maggie
  6913 | D:7      | Reached skill level 10 in Armour
  6914 | D:7      | Found an ancient bone altar of Kikubaaqudgha.
  7149 | D:8      | Found Soppues's Armour Shop.
  7152 | D:8      | Bought a +0 pair of boots for 67 gold pieces
  7152 | D:8      | Bought a +1 kite shield of protection for 247 gold pieces
  7181 | D:8      | Found a flagged portal.
  7197 | Bailey   | Entered a bailey
  7243 | Bailey   | Reached skill level 1 in Evocations
  7418 | Bailey   | Noticed a vault guard
  7418 | Bailey   | Noticed Prince Ribbit
  7430 | Bailey   | Killed a vault guard
  7431 | Bailey   | Reached skill level 5 in Shields
  7431 | Bailey   | Reached XP level 10. HP: 75/94 MP: 9/9
  7434 | Bailey   | Killed Prince Ribbit
  7435 | Bailey   | Reached skill level 5 in Dodging
  7529 | Bailey   | Noticed a vault guard
  7548 | Bailey   | Killed a vault guard
  7919 | D:8      | Reached *** piety under Trog
  7920 | D:8      | Reached skill level 11 in Fighting
  8539 | D:9      | Noticed a two-headed ogre
  8717 | D:8      | Killed a two-headed ogre
  8759 | D:8      | Reached XP level 11. HP: 70/102 MP: 10/10
  9181 | D:9      | Found a staircase to the Orcish Mines.
  9206 | D:9      | Found a staircase to the Lair.
  9302 | D:9      | Found Deholl's Distillery.
  9427 | D:9      | Identified the +3 scale mail of Chimes {Rampage Dex+3}
  9841 | D:9      | Noticed Harold
  9851 | D:9      | Killed Harold
  9986 | D:10     | Entered Level 10 of the Dungeon
  9990 | D:10     | Reached skill level 10 in Axes
 10030 | D:10     | Identified the +1 robe "Zigg" {Archmagi}
 10043 | D:10     | Noticed a two-headed ogre
 10048 | D:10     | Killed a two-headed ogre
 10307 | D:10     | Noticed a two-headed ogre
 10313 | D:10     | Killed a two-headed ogre
 10956 | D:11     | Noticed a two-headed ogre
 10964 | D:11     | Killed a two-headed ogre
 10965 | D:11     | Reached skill level 12 in Fighting
 11125 | D:11     | Reached **** piety under Trog
 11707 | D:11     | Reached XP level 12. HP: 94/113 MP: 11/11
 12015 | Lair:1   | Entered Level 1 of the Lair of Beasts
 12035 | Lair:1   | Reached skill level 13 in Fighting
 12095 | Lair:1   | Found a dark tunnel.
 12103 | Volcano  | Entered a volcano
 12533 | Volcano  | Found a burning altar of Makhleb.
 12946 | Volcano  | Reached skill level 14 in Fighting
 14197 | Lair:2   | Noticed a five-headed hydra
 14208 | Lair:2   | Killed a 12-headed hydra
 14234 | Lair:2   | Reached XP level 13. HP: 99/125 MP: 12/12
 14341 | Lair:2   | Reached ***** piety under Trog
 14481 | Lair:2   | Reached skill level 15 in Fighting
 14725 | Lair:2   | Found a hole to the Spider Nest.
 15174 | Lair:3   | Reached skill level 10 in Dodging
 15690 | Lair:3   | Found a staircase to the Shoals.
 16369 | Lair:4   | Found a staircase to the Slime Pits.
 16374 | Lair:4   | Found a viscous altar of Jiyva.
 16865 | Lair:4   | Reached skill level 16 in Fighting
 17152 | Lair:5   | Entered Level 5 of the Lair of Beasts
 17169 | Lair:5   | Received a gift from Trog
 17174 | Lair:5   | Reached XP level 14. HP: 137/137 MP: 13/13
 17283 | Lair:5   | Reached skill level 15 in Armour
 17322 | Lair:5   | Found a runed translucent door.
 17334 | Lair:5   | Noticed Kaofid's ghost (journeyman GrEE)
 18173 | Lair:5   | Reached skill level 15 in Axes
 18435 | Lair:5   | Killed Kaofid's ghost
 18549 | Lair:5   | Received a gift from Trog
 19100 | Orc:1    | Entered Level 1 of the Orcish Mines
 19106 | Orc:1    | Found Fioli's Antique Weapon Shop.
 19336 | Orc:1    | Bought a brightly glowing whip for 217 gold pieces
 19336 | Orc:1    | Identified the +0 whip of the Postmodern Coins {venom,
                  | Str+4} (You bought it in a shop on level 1 of the Orcish
                  | Mines)
 19338 | Orc:1    | Bought an ichor-stained rapier for 261 gold pieces
 19338 | Orc:1    | Identified the +6 rapier of the Final Allies {flame, rPois
                  | MP+9 Dex-3} (You bought it in a shop on level 1 of the
                  | Orcish Mines)
 19566 | Orc:1    | Noticed Erolcha
 19580 | Orc:1    | Killed Erolcha
 19810 | Orc:2    | Entered Level 2 of the Orcish Mines
 19810 | Orc:2    | Found a staircase to the Elven Halls.
 19811 | Orc:2    | Noticed an orc warlord
 19934 | Orc:1    | Killed an orc warlord
 20314 | Orc:2    | Received a gift from Trog
 20326 | Orc:2    | Noticed Urug
 20480 | Orc:2    | Killed Urug
 20516 | Orc:1    | Reached XP level 15. HP: 94/144 MP: 14/14
 20856 | Orc:2    | Found Lioc's Antique Weapon Shoppe.
 20915 | Orc:2    | Found Huqiammi's General Store.
 20939 | Orc:2    | Found Xakoinofi's Book Shoppe.
 20954 | Orc:2    | Found Zassi's Antique Armour Shoppe.
 21372 | D:12     | Identified the +6 shortbow "Xorixiuwn" {drain, Int+4 Dex+3}
 22343 | D:13     | Found a gate to the Vaults.
 23353 | D:14     | Noticed Josephine
 23364 | D:14     | Killed Josephine
 23364 | D:14     | Reached ****** piety under Trog
 23365 | D:14     | Reached skill level 17 in Fighting
 23717 | D:14     | Identified the +9 broad axe of Duscheod {flame, Dex+3}
                  | (Trog gifted it to you on level 14 of the Dungeon)
 23717 | D:14     | Received a gift from Trog
 23939 | D:15     | Entered Level 15 of the Dungeon
 24414 | D:15     | Reached skill level 18 in Fighting
 24610 | D:15     | Noticed a tengu reaver
 24621 | D:15     | Killed a tengu reaver
 25023 | D:15     | Found a staircase to the Depths.
 25301 | Spider:1 | Entered Level 1 of the Spider Nest
 25343 | Spider:1 | Noticed an emperor scorpion
 25356 | Spider:1 | Reached XP level 16. HP: 118/157 MP: 15/15
 25777 | D:6      | Bought a scroll of blinking for 105 gold pieces
 25777 | D:6      | Bought a scroll of immolation for 56 gold pieces
 25777 | D:6      | Bought a scroll of poison for 56 gold pieces
 25777 | D:6      | Bought a scroll of enchant armour for 105 gold pieces
 25831 | D:9      | Bought a potion of heal wounds for 60 gold pieces
 25831 | D:9      | Bought a potion of heal wounds for 60 gold pieces
 25831 | D:9      | Bought a potion of heal wounds for 60 gold pieces
 25831 | D:9      | Bought a potion of curing for 36 gold pieces
 25903 | Orc:2    | Bought a potion of might for 44 gold pieces
 25903 | Orc:2    | Bought a potion of curing for 33 gold pieces
 26053 | Spider:1 | Reached skill level 15 in Dodging
 26242 | Spider:1 | Received a gift from Trog
 26771 | Spider:1 | Identified the +8 dagger of Jairautu {protect, rElec rN+
                  | Will+}
 26911 | Spider:1 | Reached skill level 1 in Short Blades
 27604 | Spider:2 | Received a gift from Trog
 27708 | Spider:2 | Reached skill level 19 in Fighting
 28650 | Spider:3 | Reached skill level 5 in Short Blades
 29102 | Spider:3 | Identified a scroll of acquirement
 29110 | Spider:3 | Acquired 836 gold pieces
 29139 | Spider:3 | Reached skill level 20 in Fighting
 29737 | Spider:4 | Entered Level 4 of the Spider Nest
 29879 | Spider:4 | Received a gift from Trog
 29895 | Spider:4 | Reached XP level 17. HP: 160/170 MP: 16/16
 30585 | Spider:4 | Got a gossamer rune of Zot
 30750 | Shoals:1 | Entered Level 1 of the Shoals
 30750 | Shoals:1 | Noticed Kirke
 30754 | Shoals:1 | Killed Kirke
 30768 | Shoals:1 | Received a gift from Trog
 30797 | Shoals:1 | Identified the +4 morningstar "Xumpeng" {venom, Str+3 SInv}
 31071 | Shoals:1 | Noticed Jorgrun
 31083 | Shoals:1 | Killed Jorgrun
 32336 | Shoals:3 | Noticed Ilsuiw
 32344 | Shoals:3 | Received a gift from Trog
 32357 | Shoals:3 | Reached skill level 21 in Fighting
 32381 | Shoals:3 | Killed Ilsuiw
 32470 | Shoals:3 | Noticed a kraken
 32487 | Shoals:3 | Killed a kraken
 32488 | Shoals:3 | Reached XP level 18. HP: 141/182 MP: 17/17
 33085 | Shoals:4 | Entered Level 4 of the Shoals
 33569 | Shoals:4 | Paralysed by a formless jellyfish for 1 turns
 33852 | Shoals:4 | Got a barnacled rune of Zot
 33885 | Shoals:4 | Received a gift from Trog
 34864 | Vaults:1 | Entered Level 1 of the Vaults
 35134 | Vaults:1 | Reached skill level 22 in Fighting
 35257 | Vaults:1 | Reached skill level 10 in Short Blades
 35269 | Vaults:1 | Received a gift from Trog
 35635 | Vaults:1 | Reached XP level 19. HP: 191/191 MP: 18/18
 35830 | Vaults:1 | Found Turaorev's Weapon Boutique.
 35954 | Vaults:1 | Identified the +8 flail of Pride {holy, Dex+3}
 36422 | Vaults:2 | Noticed Boris
 36431 | Vaults:2 | Killed Boris
 36494 | Vaults:2 | Paralysed by a formless jellyfish for 1 turns
 36572 | Abyss:3  | Cast into level 3 of the Abyss (a deep elf sorcerer)
 36588 | Abyss:3  | Received a gift from Trog
 36674 | Vaults:2 | Escaped the Abyss
 36831 | Vaults:2 | Identified the +3 bardiche "Xithryxa" {venom, Fly Will+
                  | Str-2 Int+4}
 36937 | Vaults:2 | Identified the orb of the Spider Nest {*channel, Stlth+}
 36937 | Vaults:2 | Noticed Frederick
 36946 | Vaults:2 | Killed Frederick
 37018 | Vaults:2 | Paralysed by a formless jellyfish for 1 turns
 37236 | Vaults:2 | Received a gift from Trog
 37329 | Vaults:2 | Reached skill level 10 in Shields
 37518 | Vaults:2 | Reached skill level 23 in Fighting
 37752 | Vaults:2 | Reached XP level 20. HP: 186/203 MP: 19/19
 38135 | Elf:1    | Entered Level 1 of the Elven Halls
 38142 | Abyss:3  | Found a corrupted altar of Lugonu.
 38142 | Abyss:3  | Cast into level 3 of the Abyss (a deep elf demonologist)
 38211 | Abyss:3  | Noticed a bone dragon
 38215 | Abyss:3  | Killed from afar by a black draconian knight

Illustrated notes

Levels and vault maps discovered:
D:1:      dpeg_arrival_houses_and_road, layout_loops_corners,
          lemuel_flame_loot_1
D:2:      cheibrodos_greedy_goblins, layout_rooms, pf_guarded_unrand_delatra
D:3:      layout_rooms, uniq_crazy_yiuf_cottage
D:4:      layout_cave_pools, temple_doors_e, serial_shops, nicolae_square_shop,
          shop, shop, uniq_natasha
D:5:      layout_loops_corners
D:6:      layout_basic, nicolae_overflow_hidden_temple,
          mainiacjoe_overflow_concentric_impassable, serial_shops,
          nicolae_shop_waterfront, uniq_maggie
D:7:      layout_rooms, lemuel_zombie_altar_kikubaaqudgha
D:8:      layout_basic, enter_bailey_5, serial_shops, kennysheep_mini
D:9:      layout_basic, lair_entry_dummy, david_orc_3, serial_shops, shop,
          nrook_mini_backslash, minmay_microvault, uniq_harold
D:10:     layout_roguey, minmay_gold_behind_fungi
D:11:     layout_irregular_city
D:12:     layout_roguey, wad_mini_maze
D:13:     layout_roguey, hellmonk_vaults_order_and_chaos, fungi_pond_lemuel,
          minmay_evil_grid
D:14:     layout_long_grid, uniq_josephine
D:15:     hellmonk_depths_entry_around_the_bend, layout_loops_ring
Temple:   hellmonk_temple_of_storms
Lair:1:   layout_misc_corridors, lightli_volcano_entry_magma_tube,
          grunt_megastairs_5
Lair:2:   layout_hall_layers, nicolae_spider_entry_non_spiders,
          nicolae_lair_run_with_the_wolves
Lair:3:   layout_chaotic_city, minmay_shoals_entry_centaurs, st_stairs_11,
          grunt_forest_small_clearing_treed
Lair:4:   layout_hall_layers, slime_entry_1
Lair:5:   wormcave, layout_misc_corridors, guppyfry_lair_end_dragon,
          hellmonk_ghost_happy_afterlife
Shoals:1: nicolae_shoals_island_circles, layout_shoals, abandoned_shop,
          uniq_kirke, uniq_jorgrun
Shoals:2: layout_shoals
Shoals:3: layout_shoals, nicolae_shoals_lost_giant_temple, uniq_ilsuiw
Shoals:4: shoals_end_hangedman, layout_shoals
Spider:1: layout_chambers, nicolae_spider_shape
Spider:2: layout_spider_delve, nicolae_spider_undead_wolf_pack
Spider:3: layout_spider_delve
Spider:4: guppyfry_spider_rune, guppyfry_spider_mini_3
Orc:1:    layout_diamond_mine, basic_altar, serial_shops, nicolae_shop_trees,
          uniq_erolcha
Orc:2:    grunt_orc_cross, layout_caves
Elf:1:    layout_loops_cross, kennysheep_underground_church
Vaults:1: nicolae_vaults_angled_halls, nicolae_vaults_taking_the_gang_shopping,
          ontoclasm_vaults_hangar, hangedman_vaults_unwind,
          hangedman_vaults_locks, st_quartered_hall,
          nicolae_vaults_closet_pinwheel_5, nicolae_vaults_tangram_2,
          nicolae_vaults_little_squares_5, hangedman_vaults_hat,
          nicolae_vaults_door_testing_chamber, layout_vaults_ring
Vaults:2: nicolae_vaults_hallways_thing, nicolae_vaults_arrows,
          grunt_vaults_funneled_arena, nicolae_vaults_lightning_bolt,
          hangedman_vaults_capsules, vaults_room_door_ring,
          nicolae_vaults_tetromino_Z_1, vaults_dpeg_ring,
          nicolae_vaults_house_2, layout_vaults_maze, uniq_margery, uniq_boris,
          uniq_frederick
Abyss:3:  base: Lair:4, onia_ninara_dug_in_and_dangerous, evilmike_abyss_exit_4,
          minivault_25, base: Orc:2, hangedman_classic_abyss_death

Skill      XL: |  1  2  3  4  5  6  7  8  9 10 11 12 13 14 15 16 17 18 19 |
---------------+----------------------------------------------------------+-----
Fighting       | 4 5 7 8 10 11 12 14 16 18 20 21 22 23 | 23.0
Axes           | 3 4 5 6 8 9 11 12 14 17 18 19 20 21 | 21.2
Dodging        | 1 2 4 6 8 9 11 12 14 16 17 18 | 18.0
Armour         | 4 5 6 10 11 12 14 16 17 18 19 | 19.3
Shields        | 4 5 6 8 10 | 10.3
Evocations     | 2 3 4 |  4.0
Short Blades   | 6 7 10 11 | 11.2

Action                     |  1- 3 |  4- 6 |  7- 9 | 10-12 | 13-15 | 16-18 | 19-21 || total
---------------------------+-------+-------+-------+-------+-------+-------+-------++-------
  Melee: War axe           |    70 |    57 |    30 |   488 |   712 |       |       ||  1357
         Headbutt          |     6 |    21 |    66 |   108 |   200 |   245 |   115 ||   761
         Whip              |       |    54 |   270 |       |       |       |       ||   324
         Flail             |       |       |     8 |    20 |       |       |    17 ||    45
         Broad axe         |       |       |       |       |   219 |  1129 |   344 ||  1692
         Executioner's axe |       |       |       |       |    16 |       |       ||    16
         Mace              |       |       |       |       |     8 |       |       ||     8
 Invoke: Berserk           |       |       |     2 |     3 |     4 |     5 |     2 ||    16
         Trog's Hand       |       |       |       |       |       |    16 |     7 ||    23
         Brothers in Arms  |       |       |       |       |       |       |     1 ||     1
  Evoke: Wand              |       |       |     2 |     2 |     2 |    14 |       ||    20
    Use: Scroll            |     6 |     5 |     6 |    13 |     3 |     1 |     2 ||    36
         Potion            |     1 |       |       |       |       |     5 |     6 ||    12
   Stab: Petrifying        |       |       |       |       |     1 |       |       ||     1
 Armour: Scale mail        |    65 |    71 |    85 |    16 |       |       |       ||   237
         Chain mail        |       |       |    60 |    11 |    23 |       |       ||    94
         Swamp dragon scal |       |       |    96 |   155 |   363 |   322 |       ||   936
         Plate armour      |       |       |       |   163 |   235 |   587 |   184 ||  1169
  Dodge: Dodged            |    55 |    63 |   163 |   209 |   471 |   717 |   153 ||  1831
  Block: Buckler           |    11 |    19 |    45 |       |       |       |       ||    75
         Kite shield       |       |       |    39 |   263 |   484 |   721 |    43 ||  1550
         Tower shield      |       |       |       |       |       |       |   180 ||   180
